Map: Orbital Shipyard

Players

Grumm

  • Race: Protoss Protoss
  • League: Gold

MKSpC - Winner!

  • Race: Terran Terran
  • League: Silver

VOD

Have the link to the VOD?

Description

Time

  • Played on: Jan. 2, 2016, 2:46 p.m.
  • Length: 11:17
Show
View Real Time Build Order
Export as new Build Order

Grumm Protoss 

Build Orders:  

Get SALT Encoding   

  12  0:01  Probe (Chrono Boost)  
  13  0:14  Pylon  
  13  0:18  Probe (Chrono Boost)  
  14  0:32  Gateway  
  14  0:35  Probe (Chrono Boost)  
  15  0:46  Gateway  
  15  0:50  Probe (Chrono Boost)  
  15  0:56  Assimilator  
  16  1:01  Probe (Chrono Boost)  
  17  1:08  Pylon  
  17  1:11  Probe (Chrono Boost)  
  18  1:23  Cybernetics Core  
  18  1:32  Probe (Chrono Boost)  
  19  1:36  Assimilator  
  19  1:50  Zealot x2  
  19  1:52  Probe (Chrono Boost)  
  23  2:05  Robotics Facility  
  23  2:19  Adept x2  
  27  2:27  Warp Gate (Chrono Boost)  
  27  2:35  Probe  
  28  2:47  Stalker  
  28  2:50  Probe  
  31  2:54  Pylon  
  31  3:01  Pylon  
  31  3:12  Warp Prism  
  33  3:20  Stalker  
  33  3:25  Probe  
  36  3:40  Gateway  
  34  4:04  Immortal  
  34  4:05  Stalker  
  35  4:40  Nexus  
  35  4:42  Pylon  
  29  5:20  Stalker, Zealot  
  33  5:44  Probe  
  33  5:45  Immortal (Chrono Boost)  
  32  5:56  Zealot x3  
  32  5:57  Probe  
  39  6:04  Probe  
  39  6:09  Probe  
  41  6:15  Assimilator, Probe  
  42  6:20  Assimilator  
  42  6:21  Probe  
  42  6:25  Probe  
  43  6:30  Stalker  
  46  6:33  Mothership Core  
  46  6:37  Twilight Council  
  46  6:38  Probe  
  49  6:48  Warp Prism (Chrono Boost)  
  51  6:55  Stalker  
  53  7:03  Pylon  
  53  7:08  Pylon  
  53  7:10  Stalker  
  53  7:12  Sentry  
  57  7:23  Dark Shrine  
  57  7:29  Zealot  
  59  7:33  Stalker  
  61  7:42  Immortal (Chrono Boost)  
  65  7:45  Probe  
  65  7:46  Probe  
  67  8:29  Pylon  
  65  8:42  Dark Templar x3  
  67  9:13  Probe  
  67  9:14  Probe  
  67  9:18  Dark Templar x3  
  67  9:23  Probe  
  73  9:25  Gateway x2  
  73  9:26  Probe  
  73  9:27  Pylon  
  75  9:34  Archon  
  75  9:40  Nexus  
  75  9:42  Pylon  
  44  10:04  Stalker  
  44  10:05  Zealot  
  44  10:06  Probe, Dark Templar  
  50  10:07  Probe  
  50  10:09  Immortal (Chrono Boost)  
  50  10:26  Dark Templar  
  50  10:28  Zealot  
  54  10:30  Archon  
  54  10:33  Zealot x2  
  58  10:41  Zealot  
  60  10:52  Zealot  
  60  10:53  Zealot x2  
  60  10:54  Zealot  
  68  11:01  Zealot  
Show
View Real Time Build Order
Export as new Build Order

MKSpC Terran - Winner!

Build Orders: Cyclone Opening, MMM Bio 

Get SALT Encoding   

  12  0:01  SCV  
  13  0:13  SCV  
  14  0:18  Supply Depot  
  14  0:25  SCV  
  15  0:40  SCV  
  15  0:41  Barracks  
  16  0:45  Refinery  
  16  0:52  SCV  
  17  1:04  SCV  
  18  1:16  SCV  
  19  1:28  Marine  
  19  1:29  Orbital Command  
  19  1:32  Supply Depot  
  20  1:47  Marine  
  20  1:49  Factory  
  21  1:56  SCV  
  22  2:06  Marine  
  23  2:08  SCV  
  24  2:16  Command Center  
  24  2:20  SCV  
  25  2:29  Barracks Tech Lab  
  25  2:33  SCV  
  26  2:41  Supply Depot  
  26  2:45  SCV  
  27  2:54  Cyclone  
  27  2:57  SCV  
  31  3:04  Command Center  
  31  3:07  Marine  
  32  3:14  SCV  
  33  3:25  Refinery  
  34  3:31  SCV  
  34  3:33  Orbital Command  
  34  3:43  SCV  
  34  3:44  Stimpack  
  34  3:46  Marauder  
  37  3:55  SCV  
  38  4:07  Marauder  
  38  4:08  SCV  
  40  4:10  SCV  
  41  4:20  SCV  
  41  4:22  SCV  
  43  4:30  Barracks  
  43  4:31  Factory Reactor, Barracks  
  44  4:32  Marauder, SCV  
  44  4:34  Orbital Command, SCV  
  47  4:44  SCV  
  48  4:47  SCV  
  49  4:56  SCV  
  50  5:10  SCV x2  
  50  5:12  SCV  
  50  5:13  Marauder  
  55  5:20  Starport  
  55  5:22  Factory Reactor, SCV  
  55  5:23  SCV  
  55  5:24  SCV  
  55  5:25  Barracks Tech Lab  
  57  5:35  SCV x2  
  59  5:46  SCV  
  59  5:47  SCV x2  
  62  5:58  Orbital Command  
  62  5:59  SCV x2  
  62  6:02  Marauder, Refinery  
  62  6:03  Refinery  
  67  6:04  Combat Shields  
  67  6:07  Marauder  
  67  6:08  Marine  
  69  6:12  Supply Depot  
  69  6:13  Marine, SCV x2  
  72  6:22  Medivac  
  72  6:23  Marauder  
  76  6:26  Marine  
  77  6:34  Marauder, SCV x2  
  77  6:38  Concussive Shells  
  77  6:39  SCV  
  82  6:44  Marine  
  82  6:46  Engineering Bay, SCV x2  
  85  6:49  Engineering Bay  
  85  6:57  Supply Depot, Barracks x2  
  85  6:59  Supply Depot  
  85  7:00  Supply Depot  
  85  7:02  Refinery  
  85  7:08  Factory Reactor  
  85  7:18  Missile Turret  
  85  7:19  Medivac x2, Marine x2, SCV x2  
  85  7:20  Marine, SCV  
  85  7:21  Marauder  
  97  7:25  Terran Infantry Armor Level 1, Terran Infantry Weapons Level 1  
  97  7:31  SCV x2  
  97  7:33  SCV  
  97  7:35  Barracks  
  97  7:36  Barracks  
  100  7:39  Missile Turret  
  100  7:41  Marauder, Marine x2  
  100  7:42  Marauder, Refinery, Barracks  
  100  7:43  SCV x2  
  108  7:45  SCV  
  108  7:48  Barracks Tech Lab, Barracks Reactor  
  108  7:49  Supply Depot  
  109  7:53  Supply Depot  
  109  7:58  Supply Depot  
  109  7:59  Missile Turret  
  109  8:11  Medivac x2, Marauder, Marine, SCV  
  109  8:12  Missile Turret  
  117  8:14  Marine x2, SCV x2  
  117  8:15  Marauder  
  123  8:22  Missile Turret  
  123  8:23  SCV  
  123  8:25  Armory  
  123  8:27  SCV x2  
  126  8:33  Marauder, Missile Turret, Marine x2  
  126  8:34  Marauder  
  132  8:35  Barracks Tech Lab  
  132  8:36  Barracks Tech Lab x2  
  132  8:42  Missile Turret  
  132  8:48  Supply Depot, Command Center  
  132  8:50  Supply Depot x2, Missile Turret  
  132  8:53  Marine  
  133  8:59  Marine  
  133  9:01  Missile Turret  
  133  9:09  Medivac, Marauder x2, Marine x2  
  141  9:11  Marine x2  
  141  9:12  Marauder x3, Missile Turret  
  149  9:17  Marine  
  149  9:20  Widow Mine x2  
  149  9:21  Medivac  
  156  9:27  Marine  
  156  9:29  Supply Depot  
  157  9:31  Supply Depot  
  157  9:50  Marine x3  
  157  9:51  Marauder x3  
  159  9:55  Marauder x2, Marine  
  159  9:56  Marauder  
  165  10:08  Marine x3  
  165  10:12  Marauder x3  
  165  10:13  Marine  
  173  10:16  Marine  
  173  10:17  Marauder x2  
  178  10:22  Missile Turret  
  178  10:26  Marine x3  
  181  10:33  Marauder x3  
  187  10:43  Marine  
  196  11:12  Supply Depot  
  196  11:13  Missile Turret  
Tags
 
Add a new tag
Caveats
  • Supply blocks, unpowered buildings, or Contaminate may cause inaccurate times.
  • Supply counts are checked every 10 seconds.